 Dungeon Crawl Stone Soup version 0.22-a0-348-gd16d1391c7 (webtiles) character file.

25 Laan the Poker (level 2, -4/24 HPs)
             Began as a Demonspawn Fighter on Apr 9, 2018.
             Slain by a gnoll
             ... wielding a +0 whip
              (5 damage)
             ... on level 2 of the Dungeon.
             The game lasted 00:00:40 (582 turns).

Laan the Poker (Demonspawn Fighter)                  Turns: 582, Time: 00:00:41

Health: -4/24      AC:  6    Str: 16    XL:     2   Next: 86%
Magic:  2/2        EV:  6    Int:  9    God:
Gold:   71         SH:  8    Dex: 12    Spells: 1/1 levels left

rFire    . . .     SeeInvis .   a - +0 trident
rCold    . . .     Gourm    .   c - +0 shield
rNeg     . . .     Faith    .   b - +0 scale mail
rPois    .         Spirit   .   (no helmet)
rElec    .         Reflect  .   (no cloak)
rCorr    .         Harm     .   (no gloves)
MR       .....                  (no boots)
Stlth    ..........             (no amulet)
HPRegen  0.08/turn              (no ring)
MPRegen  0.08/turn              (no ring)

@: no status effects
A: talons 1
a: no special abilities


You were on level 2 of the Dungeon.
You were not hungry.

You visited 1 branch of the dungeon, and saw 2 of its levels.

You collected 71 gold pieces.

Inventory:

Hand Weapons
 a - a +0 trident (weapon)
Armour
 b - a +0 scale mail (worn)
 c - a +0 shield (worn)
Scrolls
 e - a scroll of enchant weapon {unknown}
Potions
 d - a potion of might
 h - 2 potions of agility {unknown}
Comestibles
 f - a ration


   Skills:
 - Level 3.0 Fighting
 + Level 3.1 Polearms
 - Level 2.6 Armour
 - Level 2.6 Shields


You had one spell level left.
You didn't know any spells.

Dungeon Overview and Level Annotations

Branches:
Dungeon (2/15)

Altars:

Annotations:
D:2 Robin


Innate Abilities, Weirdness & Mutations

You have sharp toenails.


Message History

The gnoll is moderately wounded.
The hobgoblin hits you with a club. You block the gnoll's attack.
A gnoll comes into view. It is wielding a whip.
You hit the gnoll. You claw the gnoll.
The gnoll is almost dead.
The hobgoblin no longer looks unusually strong.
You block the hobgoblin's attack. The gnoll hits you.
* * * LOW HITPOINT WARNING * * *
The gnoll barely misses you.
You hit the gnoll but do no damage. You claw the gnoll.
The gnoll is lightly wounded.
You block the hobgoblin's attack.
The gnoll hits you but does no damage. x2
You closely miss the gnoll. Your kick misses the gnoll.
The gnoll is lightly wounded.
The hobgoblin no longer looks unusually strong.
The hobgoblin closely misses you. The gnoll hits you.
* * * LOW HITPOINT WARNING * * *
The gnoll hits you with a whip.
You die... .# .### #.#. ##... . #... #> #g. #. #g# #. ######@# ..##. #.Sgggg#

.....g####g######
g....g.)S).#
#.#####
.....S###).#
#.##.. ..##. #..#
#.##.# # #..#
#.##<# #..#
#.##.# ..###..##
#.##.#


You could see Robin, 3 gnolls, an adder and 3 hobgoblins.

Vanquished Creatures
  A dart slug (D:1)
  A ball python (D:1)
  2 bats (D:1)
  2 giant cockroaches (D:1)
  6 goblins
  A hobgoblin (D:1)
  3 jackals (D:1)
  2 frilled lizards (D:1)
  2 kobolds (D:1)
  A rat (D:1)
21 creatures vanquished.

Notes
Turn   | Place    | Note
-------+----------+-------------------------------------------
     0 | D:1      | Laan the Demonspawn Fighter began the quest for the Orb.
     0 | D:1      | Reached XP level 1. HP: 18/18 MP: 1/1
   158 | D:1      | Gained mutation: You have sharp toenails. [demonic ancestry]
   158 | D:1      | Reached XP level 2. HP: 24/24 MP: 2/2
   555 | D:2      | Noticed Robin
   582 | D:2      | HP: 1/24 [gnoll (3)]
   582 | D:2      | Slain by a gnoll

Vault maps used:
D:1:      co_arrival_square_in_a_square_in_a_square, minmay_small_reverse_x
D:2:      minmay_diamond_boxcup, grunt_gozag_statues,
          gammafunk_temple_overflow_statue, uniq_crazy_yiuf_cottage, uniq_robin,
          uniq_jessica

Skill      XL: |  1  2 |
---------------+-------+-----
Polearms       | 2 3 |  3.1
Fighting       | |  3.0
Armour         | |  2.6
Shields        | |  2.6

Action                   || total
-------------------------++-------
Melee: Trident           ||    65
       Kick              ||     6
Armor: Scale mail        ||    32
Dodge: Dodged            ||    17
Block: Shield            ||    37

Table legend:
 A = Spawn XP
 B = Non-spawn XP
 C = Spawn XP percentage of total XP
 D = Spawn monster count
 E = Non-spawn monster count
 F = Spawn count percentage of total count
 G = Total turns spent on level
                    A         B        C        D         E        F      G
               +---------+---------+-------+---------+---------+-------+---------
         Total |       0 |      37 |   0.0 |       0 |      21 |   0.0 |   582
               +---------+---------+-------+---------+---------+-------+---------
           D:1 |       0 |      28 |   0.0 |       0 |      16 |   0.0 |   528
           D:2 |       0 |       9 |   0.0 |       0 |       5 |   0.0 |    54
               +---------+---------+-------+---------+---------+-------+---------
